 Dungeon Crawl Stone Soup version 0.29.0-5-ge4962eb29e (webtiles) character file.

Game seed: 16250527969300551085

245 ImASeal the Sneak (level 6, 0/38 HPs)
             Began as an Octopode Transmuter on Aug 29, 2022.
             Slain by a fire bat (6 damage)
             ... on level 3 of the Dungeon.
             The game lasted 00:07:56 (3353 turns).

ImASeal the Sneak (Octopode Transmuter)             Turns: 3353, Time: 00:07:57

Health: 0/38       AC:  1    Str:  9    XL:     6   Next: 10%
Magic:  9/9        EV: 13    Int: 16    God:
Gold:   152        SH:  0    Dex: 14    Spells: 8/9 levels left

rFire   x . .      SeeInvis .   s - +0 dagger
rCold   + . .      Faith    .   (no shield)
rNeg    . . .      Spirit   .   (helmet restricted)
rPois   .          Reflect  .   (no amulet)
rElec   .          Harm     .   b - ring of ice
rCorr   .          Rampage  .   (no ring)
Will    .....                   (no ring)
Stlth   ++++......              (no ring)
HPRegen 0.12/turn               (no ring)
MPRegen 0.11/turn               (no ring)
                                (no ring)
                                (no ring)

@: no status effects
A: almost no armour, amphibious, 8 rings, camouflage 1, gelatinous body 1,
(nimble swimmer 1), tentacles
a: no special abilities


You were on level 3 of the Dungeon.
You visited 1 branch of the dungeon, and saw 3 of its levels.

You collected 152 gold pieces.

Inventory:

Hand Weapons
 s - a +0 dagger (weapon)
Armour
 j - the +1 robe of Bad Feelings {Rampage rN+ Slay-2}
   (You found it on level 2 of the Dungeon)

   Slay:      It affects your accuracy & damage with ranged weapons and melee
   (-2).
   rN:        It protects you from negative energy.
   Rampage:   It bestows one free step when moving towards enemies.
Jewellery
 b - a ring of ice (left tentacle)
Scrolls
 c - 3 scrolls of identify {unknown}
 d - 2 scrolls of teleportation
 f - 2 scrolls of vulnerability {unknown}
 k - a scroll of amnesia {unknown}
 m - 2 scrolls of enchant armour {unknown}
 p - a scroll of brand weapon {unknown}
 q - a scroll of torment {unknown}
Potions
 a - a potion of lignification
 e - 2 potions of might {unknown}
 g - a potion of brilliance {unknown}
 h - a potion of curing {unknown}
 i - a potion of flight {unknown}
 l - a potion of heal wounds {unknown}
 n - a potion of magic {unknown}
 o - 2 potions of cancellation {unknown}
 r - a potion of attraction {unknown}


   Skills:
 - Level 1.2 Fighting
 + Level 0.3 Short Blades
 - Level 2.2 Dodging
 + Level 6.6 Stealth
 - Level 3.7 Unarmed Combat
 - Level 2.3 Spellcasting
 - Level 2.4 Transmutations


You had 8 spell levels left.
You knew the following spells:

 Your Spells              Type           Power      Damage    Failure   Level
a - Beastly Appendage     Tmut           18%        N/A       8%          1

Your spell library contained the following spells:

 Spells                   Type           Power      Damage    Failure   Level
 Wereblood                Tmut           9%         N/A       11%         2
 Spider Form              Tmut/Pois      5%         N/A       36%         3
 Ice Form                 Ice/Tmut       8%         N/A       77%         4


Dungeon Overview and Level Annotations

Branches:
Dungeon (3/15)

Altars:
Elyvilon


Innate Abilities, Weirdness & Mutations

You cannot wear most types of armour.
You are amphibious.
You can wear up to eight rings at the same time.
Your skin changes colour to match your surroundings (Stealth+).
Your rubbery body absorbs attacks. (AC +1, EV +1)
((You are camouflaged when in or above water. (Stealth+)))
You have tentacles for arms and can constrict up to eight enemies at once.


Message History

The fire bat attacks as you move away! The fire bat closely misses you.
The ice bat closely misses you. The fire bat bites you.
You are engulfed in flames.
The ice bat closely misses you. The ice bat misses you.
The ice bat attacks as you move away! The ice bat hits you.
The ice bat freezes you. You resist. The ice bat misses you.
The ice bat barely misses you.
You hit the ice bat. You grab the ice bat.
The ice bat is moderately damaged.
You constrict the ice bat. The ice bat barely misses you. The ice bat hits you.
The ice bat freezes you. You resist. The ice bat misses you.
You hit the ice bat.
The ice bat vaporises!
The fire bat barely misses you.
You hit the fire bat. You grab the fire bat.
The fire bat is heavily wounded.
You constrict the fire bat. The fire bat bites you.
* * * LOW HITPOINT WARNING * * *
You are engulfed in flames.
* * * LOW HITPOINT WARNING * * *
The fire bat bites you but does no damage.
You hit the fire bat but do no damage.
Your tentacle-slap misses the fire bat.
The fire bat is severely wounded.
You constrict the fire bat.
You kill the fire bat!
The fire bat bites you but does no damage.
The fire bat bites you.
* * * LOW HITPOINT WARNING * * *
You are engulfed in flames.
* * * LOW HITPOINT WARNING * * *
You miss the fire bat. Your grab misses the fire bat.
The fire bat closely misses you. The fire bat barely misses you.
You closely miss the fire bat. Your grab misses the fire bat.
Your squeeze misses the fire bat.
The fire bat bites you but does no damage.
You hit the fire bat but do no damage. You grab the fire bat.
Your squeeze misses the fire bat. You constrict the fire bat.
The fire bat bites you.
You die...

.......###†########
.......# #†##..### ##
......####.#.††##Z#.##
.§....##†##.#.###....##
≈≈≈...##.#.#### #.....#
.§≈...###..### ##....#
≈.≈....##....#####.#Z.#
≈.≈.###...###..##b####..#
≈.≈.####### ##..@## ##
..≈...# ###.## ≈.≈.#.##
###...# ..≈....# ##....##
≈≈§..#####....## .†...#
#..#..## .....# #######
....## ....#


You could see a fire bat.

Vanquished Creatures
  A vampire bat (D:3)
  An orc wizard (D:2)
  4 adders
  3 worms
  4 dart slugs
  2 fire bats (D:3)
  5 orcs
  A spectral bat (D:3)
  2 ball pythons
  3 bat skeletons (D:3)
  4 endoplasms
  A giant cockroach (D:1)
  3 goblins
  4 hobgoblins
  4 jackals (D:1)
  A quokka (D:1)
  9 bats (D:3)
  A bat simulacrum (D:3)
  3 frilled lizards (D:1)
  3 kobolds
  3 rats
62 creatures vanquished.

Notes
Turn   | Place    | Note
-------+----------+-------------------------------------------
     0 | D:1      | ImASeal the Octopode Transmuter began the quest for the
                  | Orb.
     0 | D:1      | Reached XP level 1. HP: 13/13 MP: 3/3
   180 | D:1      | Reached XP level 2. HP: 9/18 MP: 0/5
   535 | D:1      | Found a faded altar of an unknown god.
  1147 | D:2      | Identified the +1 robe of Bad Feelings {Rampage rN+ Slay-2}
  1156 | D:2      | Reached XP level 3. HP: 23/23 MP: 6/6
  1914 | D:2      | Reached skill level 1 in Stealth
  1914 | D:2      | Reached XP level 4. HP: 28/28 MP: 5/7
  2037 | D:2      | Reached skill level 2 in Stealth
  2534 | D:2      | Reached skill level 3 in Stealth
  2915 | D:3      | Reached skill level 4 in Stealth
  2916 | D:3      | Reached XP level 5. HP: 26/33 MP: 8/8
  3150 | D:3      | Found a white marble altar of Elyvilon.
  3221 | D:3      | Reached skill level 5 in Stealth
  3263 | D:3      | Reached skill level 6 in Stealth
  3263 | D:3      | Reached XP level 6. HP: 38/38 MP: 9/9
  3353 | D:3      | Slain by a fire bat

Illustrated notes

Levels and vault maps discovered:
D:1:      wander_arrival_desolate, layout_basic, ebering_ecumenical_altar_mist,
          corexii_corridor_pit, minivault_25
D:2:      layout_basic
D:3:      layout_basic, mainiacjoe_overflow_concentric_impassable,
          mainiacjoe_overflow_24_doors, goddamned_bats, uniq_natasha

Skill      XL: |  1  2  3  4  5 |
---------------+----------------+-----
Stealth        | 1 4 6 |  6.6
Fighting       | |  1.2
Short Blades   | |  0.3
Dodging        | |  2.2
Unarmed Combat | |  3.7
Spellcasting   | |  2.3
Transmutations | |  2.4

Action                   |  1- 3 |  4- 6 || total
-------------------------+-------+-------++-------
Melee: Unarmed           |    57 |    38 ||    95
       Kick              |    17 |     4 ||    21
       Constrict         |    18 |    23 ||    41
       Tentacles         |    15 |    21 ||    36
       Punch             |     1 |     3 ||     4
       Dagger            |       |    40 ||    40
 Cast: Beastly Appendage |    17 |     6 ||    23
  Use: Scroll            |       |     1 ||     1
 Stab: Sleeping          |     4 |     9 ||    13
Armor: Skin              |     5 |    27 ||    32
Dodge: Dodged            |    38 |    76 ||   114
